 Dungeon Crawl Stone Soup version 0.30-a0-4-ga7cffc901d (webtiles) character file.

Game seed: 15724002318710015455

1523 rogsnak the Magician (level 8, 0/41 HPs)
             Began as a Deep Elf Fire Elementalist on Aug 22, 2022.
             Was a Follower of Sif Muna.
             Slain by an orc warrior
             ... wielding a +0 short sword
              (7 damage)
             ... on level 7 of the Dungeon.
             The game lasted 00:18:58 (7489 turns).

rogsnak the Magician (Deep Elf Fire Elementalist)   Turns: 7489, Time: 00:18:59

Health: 0/41       AC:  3    Str:  5    XL:     8   Next: 54%
Magic:  21/21      EV: 13    Int: 23    God:    Sif Muna [*.....]
Gold:   322        SH:  0    Dex: 15    Spells: 7/22 levels left

rFire   . . .      SeeInvis +    D - staff of conjuration
rCold   . . .      Faith    .    (no shield)
rNeg    . . .      Spirit   .    a - +0 robe
rPois   .          Reflect  .    r - +0 helmet
rElec   .          Harm     .    (no cloak)
rCorr   .          Rampage  .    (no gloves)
Will    .....                    (no boots)
Stlth   ++........               (no amulet)
HPRegen 0.13/turn                J - ring of see invisible
MPRegen 0.17/turn                z - ring of flight

@: flying
A: no striking features
a: Renounce Religion, Channel Magic


You were on level 7 of the Dungeon.
You worshipped Sif Muna.
Sif Muna was aware of your devotion.
You visited 2 branches of the dungeon, and saw 8 of its levels.

You collected 322 gold pieces.

Inventory:

Hand Weapons
 e - a +0 vorpal falchion
 j - a +0 dagger of venom
 K - a +3 whip
Missiles
 d - 58 stones
 i - 5 javelins
 p - 10 poisoned darts
 F - a curare-tipped dart
Armour
 a - a +0 robe (worn)
 o - the +6 scale mail of Yesterday {-Cast Rampage *Slow rC+++}
   (You found it on level 3 of the Dungeon)

   rC:        It renders you almost immune to cold.
   -Cast:     It prevents spellcasting.
   *Slow:     It may slow you when you take damage.
   Rampage:   It bestows one free step when moving towards enemies.
 r - a +0 helmet (worn)
Magical Staves
 D - a staff of conjuration (weapon)
Jewellery
 w - a ring of positive energy
 z - a ring of flight (right hand)
 J - a ring of see invisible (left hand)
Wands
 q - a wand of iceblast (4)
 E - a wand of paralysis (19)
Scrolls
 g - 11 scrolls of identify {unknown}
 k - a scroll of immolation {unknown}
 t - a scroll of vulnerability {unknown}
 x - a scroll of noise {unknown}
 A - a scroll of poison {unknown}
 B - 2 scrolls of teleportation {unknown}
 C - a scroll of amnesia {unknown}
 G - a scroll of butterflies {unknown}
 I - a scroll of fear {unknown}
Potions
 b - a potion of magic
 c - 2 potions of mutation {unknown}
 f - 3 potions of heal wounds {unknown}
 h - 2 potions of cancellation {unknown}
 l - 3 potions of curing {unknown}
 m - 5 potions of haste {unknown}
 n - a potion of lignification {unknown}
 s - 2 potions of brilliance {unknown}
 u - 2 potions of berserk rage {unknown}
 v - 2 potions of attraction {unknown}
 H - a potion of resistance {unknown}
Miscellaneous
 y - a piece from Xom's chessboard (15/15)


   Skills:
 + Level 2.8 Dodging
 - Level 3.0 Stealth
 + Level 7.9 Spellcasting
 * Level 7.6 Conjurations
 - Level 1.0 Hexes
 + Level 6.4 Fire Magic
 * Level 2.0 Earth Magic
 + Level 0.1 Evocations


You had 7 spell levels left.
You knew the following spells:

 Your Spells              Type           Power      Damage    Failure   Level
a - Foxfire               Conj/Fire      100%       2x1d9     1%          1
b - Flame Wave            Conj/Fire      58%        2d14      3%          4
c - Fulminant Prism       Conj/Hex       21%        3d13      12%         4
d - Iron Shot             Conj/Erth      23%        9d5       82%         6

Your spell library contained the following spells:

 Spells                   Type           Power      Damage    Failure   Level
 Magic Dart               Conj           100%       1d8       1%          1
 Scorch                   Fire           76%        2d9       1%          2
 Searing Ray              Conj           100%       2d8       1%          2
 Conjure Flame            Conj/Fire      58%        6-21      1%          3
 Slow                     Hex            52%        N/A       4%          1
 Inner Flame              Hex/Fire       26%        N/A       4%          3
 Apportation              Tloc           18%        N/A       7%          1
 Necrotise                Necr           36%        1d5       7%          1
 Summon Small Mammal      Summ           36%        N/A       7%          1
 Confusing Touch          Hex            13%        N/A       14%         3
 Vampiric Draining        Necr           9%         2d6       22%         3
 Animate Armour           Summ/Erth      26%        N/A       41%         4
 Blade Hands              Tmut           4%         N/A       89%         5


Dungeon Overview and Level Annotations

Branches:
Dungeon (7/15)             Temple (1/1) D:5

Altars:
Cheibriados
Dithmenos
Elyvilon
Gozag
Hepliaklqana
Kikubaaqudgha
Nemelex Xobeh
Ru
Sif Muna
Uskayaw
Vehumet
Xom
Zin

Shops:
D:1 (   D:4 *

Annotations:
D:3 1 runed translucent door, Setbun's ghost, amateur KoBr
D:5 3 runed translucent doors, Bediveer's ghost, novice GrEE


Message History

Things that are here:
a +0 spear; a gnoll corpse You now have 322 gold pieces (gained 6).
Things that are here:
a +0 spear; a gnoll corpse
Items here: ))) [ †.
K - a +3 whip
Things that are here:
a +0 spear; a gnoll corpse You reach down and open the door.
A sky beast and an orc come into view.
The orc shouts!
As you close the door, it creaks loudly!
You hear a croak.
Things that are here:
a +0 spear; a gnoll corpse
Items here: )) [ †.
An orc warrior comes into view. It is wielding a +0 short sword.
The orc warrior shouts!
An orc comes into view. It is wielding a +0 hand axe.
The orc warrior hits you with a +0 short sword!
A jelly comes into view.
A sky beast comes into view.
The orc warrior attacks as you move away!
The orc warrior closely misses you.
The orc warrior attacks as you move away!
The orc warrior closely misses you.
The orc warrior attacks as you move away!
The orc warrior barely misses you.
The orc warrior attacks as you move away!
The orc warrior hits you with a +0 short sword.
The orc warrior attacks as you move away!
The orc warrior hits you with a +0 short sword!
The orc warrior attacks as you move away!
The orc warrior misses you.
The orc warrior attacks as you move away!
The orc warrior hits you with a +0 short sword!
* * * LOW HITPOINT WARNING * * *
The orc warrior attacks as you move away!
The orc warrior hits you with a +0 short sword!
You die...

######.##.#########.############.
#.##......................#.
#.##.#######.############.#.
#.##.#......................
######.##.#.###...############.##
...................<............#
..####.##.#...#........##.####..#
....##.##..............+........#
..#.##.#########@......##...###.#
###........Y.oJo..#.............#
.....................>......#####
.......................[....#
#.#####################)###.# ♣.♣
#.....#.#


o♣Y #.....#.# ♣ ♣. #.....#.# ♣# #♣...♣#.# You could see an orc warrior, a sky
beast, a jelly and an orc.

Vanquished Creatures
  Eustachio (D:6)
  A water moccasin (D:6)
  An ogre (D:6)
  A centaur (D:5)
  A kobold brigand (D:6)
  2 bullfrogs
  2 necrophages
  4 scorpions
  3 hounds
  3 jellies
  A gnoll bouda (D:7)
  2 iguanas (D:5)
  2 orc wizards
  3 gnolls (D:7)
  10 adders
  An ufetubus (D:6)
  3 worms
  3 dart slugs
  23 orcs
  6 ball pythons
  3 bats
  11 endoplasms
  A giant cockroach (D:4)
  6 goblins
  5 hobgoblins
  5 jackals
  5 quokkas
  3 frilled lizards
  10 kobolds
  6 rats
  A foxfire (D:6)
129 creatures vanquished.

Vanquished Creatures (others)
  557 foxfires
  6 fulminant prisms
  2 withered plants (D:3)
565 creatures vanquished.

Grand Total: 694 creatures vanquished

Notes
Turn   | Place    | Note
-------+----------+-------------------------------------------
     0 | D:1      | rogsnak the Deep Elf Fire Elementalist began the quest for
                  | the Orb.
     0 | D:1      | Reached XP level 1. HP: 10/10 MP: 6/6
   107 | D:1      | Found Vaimei's Antique Weapon Shop.
   638 | D:1      | Reached XP level 2. HP: 15/15 MP: 6/8
  1394 | D:2      | Reached XP level 3. HP: 19/19 MP: 6/9
  1830 | D:3      | Identified the +6 scale mail of Yesterday {-Cast Rampage
                  | *Slow rC+++}
  1847 | D:3      | Noticed a necrophage
  1862 | D:3      | Killed a necrophage
  1863 | D:3      | Reached XP level 4. HP: 24/24 MP: 3/11
  2344 | D:3      | Found a faded altar of an unknown god.
  2384 | D:3      | Reached XP level 5. HP: 28/28 MP: 9/13
  2391 | D:3      | Learned a level 4 spell: Flame Wave
  2922 | D:3      | Found a runed translucent door.
  3067 | D:3      | Noticed Setbun's ghost (amateur KoBr)
  3404 | D:4      | Reached skill level 5 in Spellcasting
  3404 | D:4      | Reached XP level 6. HP: 32/32 MP: 3/15
  3566 | D:4      | Learned a level 4 spell: Fulminant Prism
  3665 | D:4      | Found a shadowy altar of Dithmenos.
  3720 | D:4      | Reached skill level 5 in Fire Magic
  3868 | D:4      | Reached skill level 5 in Conjurations
  4068 | D:4      | Found Sanujoko's General Store.
  4198 | D:5      | Entered Level 5 of the Dungeon
  4204 | D:5      | Found a staircase to the Ecumenical Temple.
  4213 | Temple   | Entered the Ecumenical Temple
  4249 | Temple   | Became a worshipper of Sif Muna the Loreminder
  4293 | D:5      | Reached XP level 7. HP: 36/36 MP: 12/17
  5519 | D:5      | Found a runed translucent gate.
  5519 | D:5      | Found a runed translucent gate.
  5521 | D:5      | Found a runed translucent gate.
  5524 | D:5      | Noticed Bediveer's ghost (novice GrEE)
  6011 | D:6      | Reached XP level 8. HP: 16/41 MP: 9/20
  6398 | D:6      | Reached skill level 1 in Hexes
  6691 | D:6      | Learned a level 6 spell: Iron Shot
  6758 | D:6      | Reached skill level 1 in Earth Magic
  6872 | D:6      | Noticed Eustachio
  6891 | D:6      | Killed Eustachio
  7222 | D:7      | Reached * piety under Sif Muna
  7489 | D:7      | Slain by an orc warrior

Illustrated notes

Levels and vault maps discovered:
D:1:      lightli_iron_boxes, layout_basic, serial_shops,
          nicolae_lakefront_shop, hex_tiny
D:2:      layout_loops_cross, nicolae_concentric_dashed_squares_mild,
          kennysheep_generic_room_5
D:3:      minmay_chambers_of_threes, layout_basic,
          chequers_ecumenical_altar_island, gammafunk_ghost_grave
D:4:      layout_gridville, nicolae_dithmenos_the_darkroom, serial_shops,
          nicolae_take_the_stairs
D:5:      layout_basic, minmay_temple_entry_poolview,
          gammafunk_ghost_necromancy, hellmonk_bongcloud_opening
D:6:      layout_loops_ring, hangedman_decor_opposing, uniq_eustachio
D:7:      nzn_winding_woodlands_large [nzn_winding_woodlands_5x5_open_star,
          nzn_winding_woodlands_5x15_longhouse,
          nzn_winding_woodlands_5x5_default,
          nzn_winding_woodlands_center_garden,
          nzn_winding_woodlands_15x15_thick_spiral,
          nzn_winding_woodlands_center_triple_pond,
          nzn_winding_woodlands_5x5_closed_star,
          nzn_winding_woodlands_5x15_crooked,
          nzn_winding_woodlands_5x5_checkerboard], layout_basic
Temple:   nicolae_temple_bog_church

Skill      XL: |  1  2  3  4  5  6  7  8 |
---------------+-------------------------+-----
Conjurations   | 2 3 4 5 6 7 |  7.6
Fire Magic     | 4 5 6 |  6.4
Stealth        | 3 |  3.0
Spellcasting   | 4 5 6 7 |  7.9
Hexes          | 1 |  1.0
Earth Magic    | 2 |  2.0
Dodging        | |  2.8
Evocations     | |  0.1

Action                   |  1- 3 |  4- 6 |  7- 9 || total
-------------------------+-------+-------+-------++-------
Melee: Mace              |     1 |     5 |     3 ||     9
       Staff             |       |       |     4 ||     4
 Cast: Foxfire           |    59 |   143 |   128 ||   330
       Fulminant Prism   |       |     1 |     5 ||     6
       Flame Wave        |       |       |     5 ||     5
Evoke: Wand              |       |       |     3 ||     3
Armor: Robe              |     2 |     3 |     2 ||     7
Dodge: Dodged            |     8 |     6 |    16 ||    30

Table legend: (Time is in decaauts)
 A = Elapsed time spent in this place.
 B = Non-inter-level travel time spent in this place.
 C = Inter-level travel time spent in this place.
 D = Time resting spent in this place.
 E = Time spent auto-exploring this place.
 F = Levels seen in this place.
 G = Mean time per level.
                   A        B        C        D        E       F      G
               +--------+--------+--------+--------+--------+-----+--------+
         Total |   7515 |   7367 |    148 |   1425 |   4359 |   8 |  939.4 |
       Dungeon |   7460 |   7312 |    148 |   1425 |   4330 |   7 | 1065.7 |
        Temple |     55 |     55 |      0 |      0 |     28 |   1 |   55.0 |
               +--------+--------+--------+--------+--------+-----+--------+

Top non-repeatable levels by time:
     D:3: 1624 daAuts
     D:5: 1538 daAuts
     D:6: 1224 daAuts
     D:2: 963 daAuts
     D:4: 818 daAuts
     D:1: 804 daAuts
     D:7: 486 daAuts
  Temple: 55 daAuts
